 Dungeon Sprint DCSS version 0.29-a0-364-g921d912d32 (webtiles) character file.

Game seed: 15582616998975458138

9552 mhtbhm the Ninja (level 11, 0/58 HPs)
             Began as a Spriggan Brigand on Apr 30, 2022.
             Was the Champion of Dithmenos.
             Slain by a lorocyproca (34 damage)
             ... in the Dungeon (Sprint I: "Red Sonja").
             The game lasted 00:07:29 (2698 turns).

mhtbhm the Ninja (Spriggan Brigand)                 Turns: 2698, Time: 00:07:30

Health: 0/58       AC:  5    Str:  7    XL:     11   Next: 24%
Magic:  0/20       EV: 30    Int:  9    God:    Dithmenos [******]
Gold:   2221       SH:  0    Dex: 21    Spells: 10/10 levels left

rFire   + + +      SeeInvis +   a - +2 short sword (vamp)
rCold   . . .      Faith    .   (no shield)
rNeg    . . .      Spirit   .   b - +0 robe
rPois   +          Reflect  .   (helmet restricted)
rElec   .          Harm     .   o - +2 cloak "Yhyoniuj" {Contam rF+++ Int-4 SInv}
rCorr   .          Rampage  .   (gloves unavailable)
Will    +....      NoTele   +   (boots unavailable) Stlth *********+
                                (no amulet)
HPRegen 0.19/turn               k - +4 ring of evasion
MPRegen 0.17/turn               u - ring of poison resistance

@: wreathed by umbra, very quick
A: very small, no large weapons, unfitting armour, see invisible, speed 3
a: Renounce Religion, Shadow Step, Shadow Form


You were in the Dungeon.
You worshipped Dithmenos.
Dithmenos was exalted by your worship.
You visited 1 branch You collected 3167 gold pieces.
You spent 946 gold pieces at shops.

Inventory:

Hand Weapons
 a - a +2 vampiric short sword (weapon)
Missiles
 d - 9 poisoned darts
 l - 5 curare-tipped darts (quivered)
Armour
 b - a +0 robe (worn)
 o - the +2 cloak "Yhyoniuj" (worn) {Contam rF+++ Int-4 SInv}
   (You bought it in a shop in the Dungeon)

   Int:       It affects your intelligence (-4).
   rF:        It renders you almost immune to fire.
   SInv:      It lets you see invisible.
   Contam:    It causes magical contamination when unequipped.
Jewellery
 c - a ring of protection from cold
 k - a +4 ring of evasion (left hand)
 u - a ring of poison resistance (right hand)
Wands
 e - a wand of flame (4)
 p - a wand of polymorph (7)
Scrolls
 j - a scroll of identify {unknown}
Potions
 h - 2 potions of haste
 i - 2 potions of magic
Miscellaneous
 s - a phantom mirror (inert)
 t - a tin of tremorstones (2/2)


   Skills:
 + Level 7.3 Fighting
 + Level 12.0 Short Blades
 + Level 8.5 Throwing
 + Level 10.7 Dodging
 O Level 27 Stealth
 * Level 11.6 Invocations
 + Level 2.8 Evocations


You had 10 spell levels left.
You didn't know any spells.
Your spell library was empty.

Dungeon Overview and Level Annotations

Branches:
Dungeon (1/1)

Altars:
Cheibriados
Dithmenos
Elyvilon
Fedhas
Gozag
Hepliaklqana
Kikubaaqudgha
Makhleb
Nemelex Xobeh
Okawaru
Qazlal
Ru
Sif Muna
Trog
Uskayaw
Vehumet
Wu Jian
Xom
Yredelemnul
Zin
The Shining One
Jiyva
Lugonu

Shops:
D [[!![[![*(*=!(*[(


Innate Abilities, Weirdness & Mutations

You are very small and have problems with some larger weapons.
You are too small for most types of armour.
You have supernaturally acute eyesight. (SInv)
You cover ground extremely quickly. (Speed+++)


Message History

The lorocyproca is heavily wounded.
Your shadow misses the lorocyproca. The lorocyproca hits you!
You barely miss the lorocyproca.
The lorocyproca is heavily wounded.
You hit the lorocyproca but do no damage.
The lorocyproca is heavily wounded.
The lorocyproca completely misses you.
You hit the lorocyproca but do no damage.
The lorocyproca is heavily wounded.
Your shadow closely misses the lorocyproca.
You hit the lorocyproca. Your punch misses the lorocyproca.
The lorocyproca is heavily wounded.
Your shadow misses the lorocyproca. The lorocyproca hits you.
You feel your power leaking away.
You closely miss the lorocyproca.
The lorocyproca is heavily wounded.
Your shadow closely misses the lorocyproca.
You hit the lorocyproca.
The lorocyproca is heavily wounded.
The lorocyproca hits you!
You emit a cloud of dark smoke.
You are too injured to fight recklessly!
You are too injured to fight recklessly!
You are too injured to fight recklessly!
You are too injured to fight recklessly!
You are too injured to fight recklessly!
You are too injured to fight recklessly!
You are too injured to fight recklessly!
You are too injured to fight recklessly!
You are too injured to fight recklessly!
You are too injured to fight recklessly!
You feel better. The lorocyproca barely misses you.
You hit the lorocyproca.
The lorocyproca is heavily wounded.
Aiming: Phantom Mirror
Press: ? - help, Dir - move target, f - lorocyproca
Aim: a lorocyproca (black smoke, heavily wounded, slightly transparent, umbra)
You reflect the lorocyproca with the mirror!
The mirror clouds!
The lorocyproca hits you!!
Ouch! That really hurt!
You die...

#######################
#<.#..'..#.)'..#__#..'.
#..'..#.)'..#..'..'..#.
#..#####'#####'#__####)
#.)####..#...#.####§§##
#..#__####..##.#≈≈≈.)#§
#..#_____##'#_.'≈≈≈§§'§
#⌠⌠#§§§...'..._#≈≈§§)#§
####§§@§_##_.#'##'#####
#§§22§###'#.#...§###
############.####+###)#
#∩..?.....'...'.....')∩
###++++####.).#########
###)###......§
#.#'#.#.....§§
#.....#'''####
#.....#.....§.


You could see a lorocyproca (invisible, ally target) and a friendly lorocyproca
(summoned, invisible, drained).

Vanquished Creatures
  A hydra (D)
  2 centaur warriors (D)
  Sonja (D)
  A deep troll (D)
  A lindwurm (D)
  An oklob plant (D)
  2 unseen horrors (D)
  A gargoyle (D)
  2 kobold demonologists (D)
  3 demonic crawlers (D)
  A hornet (D)
  A slime creature (D)
  Sigmund (D)
  A yak (D)
  13 hogs (D)
  2 redbacks (D)
  3 floating eyes (D)
  An ogre (D)
  7 necrophages (D)
  8 jellies (D)
  Ijyb (D)
  2 ballistomycete spores (D)
56 creatures vanquished.

Notes
Turn   | Place    | Note
-------+----------+-------------------------------------------
     0 | D        | mhtbhm the Spriggan Brigand began the quest for the Orb.
     0 | D        | Reached XP level 1. HP: 10/10 MP: 2/2
     2 | D        | Noticed Ijyb
    11 | D        | Killed Ijyb
    12 | D        | Reached skill level 9 in Stealth
    12 | D        | Reached XP level 2. HP: 15/15 MP: 3/3
    32 | D        | Noticed an ogre
    35 | D        | Killed an ogre
    36 | D        | Reached skill level 13 in Stealth
    36 | D        | Reached XP level 3. HP: 19/19 MP: 4/4
    36 | D        | Reached XP level 4. HP: 23/23 MP: 5/5
   147 | D        | Noticed Sigmund
   150 | D        | Killed Sigmund
   151 | D        | Reached skill level 16 in Stealth
   151 | D        | Reached XP level 5. HP: 28/28 MP: 6/6
   151 | D        | Reached XP level 6. HP: 32/32 MP: 7/7
   164 | D        | Found an ornate altar of the Wu Jian Council.
   164 | D        | Found a shimmering blue altar of Sif Muna.
   166 | D        | Found a radiant altar of Vehumet.
   171 | D        | Reached skill level 17 in Stealth
   172 | D        | Found Viorchumi's Antique Armour Emporium.
   172 | D        | Found an ancient bone altar of Kikubaaqudgha.
   172 | D        | Found a hazy altar of Hepliaklqana.
   172 | D        | Found a stormy altar of Qazlal.
   172 | D        | Found a hide-covered altar of Uskayaw.
   172 | D        | Found a blossoming altar of Fedhas.
   172 | D        | Found a bloodstained altar of Trog.
   172 | D        | Found an iron altar of Okawaru.
   172 | D        | Found a basalt altar of Yredelemnul.
   172 | D        | Found a glowing golden altar of the Shining One.
   172 | D        | Found a snail-covered altar of Cheibriados.
   172 | D        | Found a sacrificial altar of Ru.
   172 | D        | Found a glowing silver altar of Zin.
   172 | D        | Found a shadowy altar of Dithmenos.
   172 | D        | Found a white marble altar of Elyvilon.
   172 | D        | Noticed a yak
   173 | D        | Found an opulent altar of Gozag.
   174 | D        | Killed a yak
   175 | D        | Reached skill level 5 in Short Blades
   175 | D        | Reached skill level 5 in Throwing
   175 | D        | Reached skill level 18 in Stealth
   175 | D        | Found a sparkling altar of Nemelex Xobeh.
   183 | D        | Became a worshipper of Dithmenos the Shadowed
   242 | D        | Bought a translucent cloak for 228 gold pieces
   242 | D        | Identified the +2 cloak "Yhyoniuj" {Contam rF+++ Int-4
                  | SInv} (You bought it in a shop in the Dungeon)
   266 | D        | Found a burning altar of Makhleb.
   266 | D        | Found a viscous altar of Jiyva.
   266 | D        | Found a shimmering altar of Xom.
   266 | D        | Found a corrupted altar of Lugonu.
   266 | D        | Noticed a slime creature
   279 | D        | Noticed Sonja
   283 | D        | Killed Sonja
   284 | D        | Reached skill level 21 in Stealth
   284 | D        | Reached XP level 7. HP: 37/37 MP: 7/11
   299 | D        | Found Zyunefuq's Antique Armour Boutique.
   330 | D        | Noticed a deep troll
   334 | D        | Killed a deep troll
   335 | D        | Reached skill level 22 in Stealth
   335 | D        | Reached skill level 5 in Invocations
   335 | D        | Reached XP level 8. HP: 42/42 MP: 12/12
   344 | D        | Found Ohumnur's Armour Emporium.
   675 | D        | Noticed a centaur warrior
   675 | D        | Noticed a centaur warrior
   679 | D        | Killed a centaur warrior
   679 | D        | Reached * piety under Dithmenos
   680 | D        | Reached skill level 24 in Stealth
   680 | D        | Reached skill level 1 in Evocations
   680 | D        | Reached XP level 9. HP: 46/46 MP: 12/14
   681 | D        | Killed a centaur warrior
   682 | D        | Reached skill level 5 in Fighting
   682 | D        | Reached skill level 25 in Stealth
   708 | D        | Noticed an oklob plant
   710 | D        | Killed an oklob plant
   710 | D        | Reached ** piety under Dithmenos
   718 | D        | Reached skill level 26 in Stealth
   739 | D        | Noticed an unseen horror
   739 | D        | Noticed an unseen horror
   745 | D        | Killed an unseen horror
   766 | D        | Killed an unseen horror
   766 | D        | Reached *** piety under Dithmenos
   767 | D        | Reached XP level 10. HP: 37/51 MP: 17/17
   869 | D        | Reached **** piety under Dithmenos
   874 | D        | Reached skill level 27 in Stealth
   881 | D        | Reached ***** piety under Dithmenos
   969 | D        | Found Wiave's Distillery.
   969 | D        | Found Gaefimo's Distillery.
   969 | D        | Found Piul's Armour Boutique.
   971 | D        | Found Ixzokili's Armour Emporium.
   971 | D        | Found Xatuch's Distillery.
   971 | D        | Found Goucov's Armour Shoppe.
   971 | D        | Found Wepikkakh's Assorted Antiques.
   971 | D        | Found Soenyul's Antique Weapon Emporium.
   971 | D        | Found Uderuf's General Store.
   971 | D        | Found Ocyqo's Jewellery Shoppe.
   973 | D        | Found Adwicorph's Distillery.
   974 | D        | Found Juaboys's Assorted Antiques.
   974 | D        | Found Issaim Tif's Antique Weapon Boutique.
   975 | D        | Found Guqouvuy's Antique Weapon Emporium.
   982 | D        | Bought a ring of poison resistance for 240 gold pieces
   985 | D        | Bought a potion of haste for 140 gold pieces
   990 | D        | Bought a glowing short sword for 162 gold pieces
  1002 | D        | Bought 2 potions of heal wounds for 110 gold pieces
  1002 | D        | Bought 2 potions of curing for 66 gold pieces
  1067 | D        | Reached skill level 5 in Dodging
  1068 | D        | Reached ****** piety under Dithmenos
  1427 | D        | Reached skill level 10 in Invocations
  1723 | D        | Noticed a gargoyle
  1773 | D        | Killed a gargoyle
  1774 | D        | Reached skill level 10 in Short Blades
  2005 | D        | Noticed a lorocyproca
  2012 | D        | Noticed a lindwurm
  2026 | D        | Killed a lindwurm
  2389 | D        | Reached XP level 11. HP: 58/58 MP: 20/20
  2454 | D        | Reached skill level 10 in Dodging
  2580 | D        | Noticed a 12-headed hydra
  2582 | D        | Killed a 12-headed hydra
  2619 | D        | Identified 3 scrolls of acquirement
  2619 | D        | Acquired 668 gold pieces
  2623 | D        | Acquired 494 gold pieces
  2628 | D        | Acquired 729 gold pieces
  2698 | D        | Slain by a lorocyproca

Illustrated notes

Levels and vault maps discovered:
D:        dungeon_sprint_1 [red_sonja_temple_1, red_sonja_temple_small_1]

Skill      XL: |  1  2  3  4  5  6  7  8  9 10 11 |
---------------+----------------------------------+-----
Fighting       | 2 3 4 5 6 7 |  7.3
Stealth        | 9 13 16 21 22 24 26 27 | 27.0
Short Blades   | 3 4 5 6 7 10 12 | 12.0
Throwing       | 3 4 6 7 8 |  8.5
Dodging        | 2 3 4 9 10 | 10.7
Invocations    | 4 5 6 8 11 | 11.6
Evocations     | 1 2 |  2.8

Action                   |  1- 3 |  4- 6 |  7- 9 | 10-12 || total
-------------------------+-------+-------+-------+-------++-------
Melee: Dagger            |     1 |     4 |     1 |       ||     6
       Short sword       |       |       |    25 |   354 ||   379
       Punch             |       |       |     1 |     8 ||     9
Throw: Dart              |     4 |       |     2 |     1 ||     7
Invok: Shadow Form       |       |       |       |     1 ||     1
Evoke: Wand              |       |       |     2 |       ||     2
       Phantom mirror    |       |       |       |     1 ||     1
  Use: Scroll            |       |       |     1 |     7 ||     8
       Potion            |       |       |       |    12 ||    12
 Stab: Sleeping          |     1 |     4 |     8 |    20 ||    33
       Invisible         |       |       |       |     3 ||     3
       Distracted        |       |       |       |     1 ||     1
Armor: Robe              |       |       |     1 |    11 ||    12
Dodge: Dodged            |       |     1 |    18 |   278 ||   297

Table legend: (Time is in decaauts)
 A = Elapsed time spent in this place.
 B = Non-inter-level travel time spent in this place.
 C = Inter-level travel time spent in this place.
 D = Time resting spent in this place.
 E = Time spent auto-exploring this place.
 F = Levels seen in this place.
 G = Mean time per level.
                   A        B        C        D        E       F      G
               +--------+--------+--------+--------+--------+-----+--------+
         Total |   2252 |   2252 |      0 |   1422 |      0 |   1 | 2252.0 |
       Dungeon |   2252 |   2252 |      0 |   1422 |      0 |   1 | 2252.0 |
               +--------+--------+--------+--------+--------+-----+--------+

Top non-repeatable levels by time:
       D: 2252 daAuts
